 Dungeon Crawl Stone Soup version 0.30-a0-4-ga7cffc901d (webtiles) character file.

Game seed: 3741790031463313250

109 Setbun the Cutter (level 5, -10/30 (34) HPs)
             Began as a Kobold Berserker on Aug 20, 2022.
             Was a Believer of Trog.
             Mangled by an ogre
             ... wielding a +0 giant spiked club
              (12 damage)
             ... on level 5 of the Dungeon.
             The game lasted 00:02:43 (3180 turns).

Setbun the Cutter (Kobold Berserker)                Turns: 3180, Time: 00:02:44

HP:   -10/30 (34)   AC:  2    Str: 14    XL:     5   Next: 13%
MP:   5/5           EV: 15    Int:  9    God:    Trog [**....]
Gold: 152           SH:  0    Dex: 16    Spells: 4/4 levels left

rFire   . . .      SeeInvis .    a - +0 short sword
rCold   . . .      Faith    .    (no shield)
rNeg    . . .      Spirit   .    b - +0 animal skin
rPois   .          Reflect  .    (no helmet)
rElec   .          Harm     .    (no cloak)
rCorr   .          Rampage  .    (no gloves)
Will    .....                    (no boots)
Stlth   ++........               (no amulet)
HPRegen 0.10/turn                (no ring)
MPRegen 0.09/turn                (no ring)

@: on berserk cooldown, slowed, heavily drained, very slow
A: small, no large weapons, nightstalker 3
a: Renounce Religion, Berserk, Trog's Hand


You were on level 5 of the Dungeon.
You worshipped Trog.
Trog was pleased with you.
You visited 1 branch of the dungeon, and saw 4 of its levels.

You collected 152 gold pieces.

Inventory:

Hand Weapons
 a - a +0 short sword (weapon)
Missiles
 f - 8 poisoned darts (quivered)
Armour
 b - a +0 animal skin (worn)
Jewellery
 h - a ring of poison resistance
 k - a ring of flight
Wands
 o - a wand of polymorph (8)
 r - a wand of flame (26)
Scrolls
 c - a scroll of blinking {unknown}
 d - a scroll of immolation {unknown}
 e - a scroll of fear {unknown}
 i - a scroll of noise {unknown}
 j - 5 scrolls of identify {unknown}
 p - a scroll of amnesia {unknown}
 q - a scroll of teleportation {unknown}
Potions
 g - 4 potions of curing
 l - 2 potions of might {unknown}
 m - a potion of lignification {unknown}
 n - a potion of attraction {unknown}


   Skills:
 + Level 4.8 Fighting
 + Level 5.7 Short Blades
 - Level 1.5 Armour
 - Level 2.4 Dodging


You had 4 spell levels left.
You didn't know any spells.
Your spell library was empty.

Dungeon Overview and Level Annotations

Branches:
Dungeon (3/15)

Altars:


Innate Abilities, Weirdness & Mutations

You are small and have problems with some larger weapons.
You are completely attuned to the shadows.


Message History

j - 5 scrolls labelled MITHRO GEOBUU (gained 1)
Found a stone staircase leading down.
There is a stone staircase leading down here.
A necrophage comes into view.
An ogre comes into view. It is wielding a +0 giant spiked club.
Found a robe.
Found a stone staircase leading up.
The necrophage closely misses you.
Found a golden potion.
The necrophage hits you.
The ogre shouts!
The necrophage closely misses you.
The necrophage attacks as you move away!
The necrophage hits you.
You feel drained.
The necrophage attacks as you move away!
The necrophage hits you.
You feel drained.
The necrophage attacks as you move away!
The necrophage closely misses you.
There is a stone staircase leading down here.
The necrophage attacks as you move away!
The necrophage hits you.
The necrophage attacks as you move away!
The necrophage hits you.
The necrophage attacks as you move away!
The necrophage hits you.
* * * LOW HITPOINT WARNING * * *
You feel drained.
A red film seems to cover your vision as you go berserk!
You feel yourself moving faster!
You feel mighty! The necrophage hits you.
You feel a strong urge to attack something.
You feel your anger nearly subside.
You are no longer berserk.
You are exhausted.
You feel yourself slow down.
Found a stone staircase leading up.
The necrophage hits you.
* * * LOW HITPOINT WARNING * * *
The necrophage hits you.
* * * LOW HITPOINT WARNING * * *
The ogre attacks as you move away!
The ogre hits you with a +0 giant spiked club!
You die...

###..## ##.# #.######## #....#...
#....#.#####. #............
##......###..# #...######..<###.
#.### ##.#@#... #..# #.# #.
...On..# #..# #.# #.. ####.###
#..####. ##.##..# #...#
#######....... #.....#
###.#####......>..##
##...#.#####..:.O.........##..#
...###.#.......##....########.###
..................#### #.......
........#............. ........


You could see an ogre and a necrophage.

Vanquished Creatures
  A jelly (D:5)
  An adder (D:2)
  An ufetubus (D:5)
  A worm (D:3)
  A dart slug (D:2)
  2 ball pythons (D:1)
  8 bats
  9 endoplasms
  6 hobgoblins
  3 quokkas
  3 frilled lizards (D:1)
  9 goblins
  4 kobolds
  5 rats
54 creatures vanquished.

Notes
Turn   | Place    | Note
-------+----------+-------------------------------------------
     0 | D:1      | Setbun the Kobold Berserker began the quest for the Orb.
     0 | D:1      | Reached XP level 1. HP: 14/14 MP: 1/1
    69 | D:1      | Found a faded altar of an unknown god.
   344 | D:1      | Reached XP level 2. HP: 19/19 MP: 2/2
   650 | D:1      | Reached XP level 3. HP: 24/24 MP: 3/3
  1075 | D:1      | Reached ** piety under Trog
  1420 | D:2      | Reached skill level 5 in Short Blades
  1505 | D:2      | Reached XP level 4. HP: 9/29 MP: 4/4
  3080 | D:3      | You fall into a shaft and drop 2 floors!
  3080 | D:5      | Entered Level 5 of the Dungeon
  3114 | D:5      | Reached XP level 5. HP: 34/34 MP: 5/5
  3157 | D:5      | Noticed an ogre
  3180 | D:5      | Mangled by an ogre

Illustrated notes

Levels and vault maps discovered:
D:1:      nagdon_arrival_double_spiral, layout_basic, basic_ecumenical_altar,
          minmay_crystal_room, grunt_decor_mini_mirrors
D:2:      layout_rooms, minmay_goblin_outpost
D:3:      layout_basic
D:5:      layout_rooms

Skill      XL: |  1  2  3 |
---------------+----------+-----
Fighting       | 4 |  4.8
Short Blades   | 5 |  5.7
Armour         | |  1.5
Dodging        | |  2.4

Action                   |  1- 3 |  4- 6 || total
-------------------------+-------+-------++-------
Melee: Short sword       |   108 |    75 ||   183
       Punch             |     2 |     1 ||     3
Invok: Berserk           |     1 |     1 ||     2
  Use: Potion            |       |     1 ||     1
 Stab: Sleeping          |    11 |     7 ||    18
Armor: Animal skin       |     8 |     6 ||    14
Dodge: Dodged            |    65 |    40 ||   105

Table legend: (Time is in decaauts)
 A = Elapsed time spent in this place.
 B = Non-inter-level travel time spent in this place.
 C = Inter-level travel time spent in this place.
 D = Time resting spent in this place.
 E = Time spent auto-exploring this place.
 F = Levels seen in this place.
 G = Mean time per level.
                   A        B        C        D        E       F      G
               +--------+--------+--------+--------+--------+-----+--------+
         Total |   3198 |   3174 |     24 |    575 |   2121 |   4 |  799.5 |
       Dungeon |   3198 |   3174 |     24 |    575 |   2121 |   4 |  799.5 |
               +--------+--------+--------+--------+--------+-----+--------+

Top non-repeatable levels by time:
     D:1: 1430 daAuts
     D:2: 1053 daAuts
     D:3: 613 daAuts
     D:5: 101 daAuts
